Tamiflu vs Demolitions

Created - 12 avril 2013 at 19:01

Goals
1 2 3 T
Tamiflu 0 2 2 4
Demolitions 1 1 0 2
Shots
1 2 3 T
Tamiflu 7 8 10 25
Demolitions 10 17 9 36

1st period

1. Demolitions , Brandon Bochenski 27 (Petr Vrana, Jeremy Williams) at 2:23

Penalties :
Kyle Wharton (Vic) for Tripping (Minor) at 6:22, Anthony Stewart (Vic) for Holding (Minor) at 10:27

2nd period

2. Tamiflu , Jonathan Sigalet 4 (Nate Thompson, Carson Mcmillan) at 4:20
3. Tamiflu , Greg Mauldin 13 (David Clarkson, Jonathan Sigalet) at 7:27
4. Demolitions , James Sheppard 6 (Masi Marjamaki, Marc-André Bernier) at 9:10

Penalties :
Brad Richardson (Vic) for Tripping (Minor) at 9:21

3rd period

5. Tamiflu , Petr Pohl 13 (Jani Rita, Pavel Trnka) at 8:13 (PP)
6. Tamiflu , Greg Mauldin 14 (David Clarkson, Jonathan Sigalet) at 10:11

Penalties :
David Clarkson (Det) for Diving (Minor) at 3:37, Ryan Craig (Vic) for Holding Stick (Minor) at 7:53, Mike Brown (Det) for Hooking (Minor) at 12:25

Goalie Stats

Corey Crawford (Det), 34 saves from 36 shots - (0,944), W, 18-16-3, 60:00 minutes
Antero Niittymaki (Vic), 21 saves from 25 shots - (0,840), L, 22-19-2, 60:00 minutes

Players Stats for Tamiflu

Player Name              G  A  P  +/- PIM S  H  SB GA TA FO     MP     PP MP  PK MP  
------------------------------------------------------------------------------------
Alex Picard              0  0  0   1  0   0  2  1  1  1  0/0    20:33   3:09   1:43 
Carson Mcmillan          0  1  1   0  0   2  0  0  0  0  0/0     9:29   0:00   1:05 
Colin Greening           0  0  0   0  0   0  0  0  0  0  0/2     9:30   0:00   0:31 
David Clarkson           0  2  2   1  2   2  2  0  0  0  0/0    13:10   0:32   0:39 
Freddy Meyer             0  0  0  -1  0   1  0  3  0  0  0/0    21:29   1:48   2:13 
Greg Mauldin             2  0  2   1  0   4  2  0  0  0  4/5    15:18   2:36   1:04 
Jan Mursak               0  0  0   0  0   0  1  0  0  0  0/0     8:16   0:00   0:00 
Jani Rita                0  1  1  -1  0   1  4  0  0  1  0/0    18:26   3:08   1:11 
Jonathan Sigalet         1  2  3   3  0   3  3  0  0  0  0/0    25:15   4:29   1:45 
Jordan Hendry            0  0  0  -1  0   1  2  2  1  0  0/0    21:53   1:48   1:45 
Kyle Lawson              0  0  0  -1  0   1  0  1  0  0  0/0    12:53   0:00   0:00 
Mike Brown               0  0  0   1  2   1  0  0  1  0  0/0    18:33   3:09   0:00 
Nate Thompson            0  1  1   1  0   1  1  0  1  1  7/28   20:08   3:09   1:43 
Nathan Oystrick          0  0  0  -1  0   0  1  1  0  1  0/0    12:53   0:00   0:00 
Nick Spaling             0  0  0   1  0   0  1  0  0  0  0/0    11:06   0:00   0:00 
Pavel Trnka              0  1  1   3  0   1  1  3  0  0  0/0    25:37   4:29   2:13 
Petr Pohl                1  0  1  -1  0   5  2  0  0  0  0/2    17:20   3:08   0:00 
Radek Bonk               0  0  0  -1  0   2  1  1  0  0  5/13   14:11   0:00   0:00 

Players Stats for Demolitions

Player Name              G  A  P  +/- PIM S  H  SB GA TA FO     MP     PP MP  PK MP  
------------------------------------------------------------------------------------
Andy Rogers              0  0  0  -2  0   3  2  0  0  0  0/0    26:18   2:18   3:22 
Anssi Salmela            0  0  0   1  0   2  1  0  0  0  0/0    19:51   1:40   2:55 
Anthony Stewart          0  0  0   0  2   5  1  1  0  1  1/1    16:21   1:50   0:40 
Anton Babchuk            0  0  0  -2  0   2  2  2  0  1  0/0    26:18   2:18   3:22 
Brad Richardson          0  0  0   0  2   1  4  2  0  1  14/22  20:57   2:08   2:27 
Brandon Bochenski        1  0  1  -1  0   2  1  0  0  0  0/0    11:02   0:08   0:00 
James Sheppard           1  0  1   0  0   2  1  0  0  0  3/3     8:57   0:00   0:00 
Jeremy Williams          0  1  1   0  0   5  3  0  1  0  2/6    21:13   2:00   3:24 
Josh Beaulieu            0  0  0   0  0   0  0  0  0  0  0/0     1:37   0:00   1:29 
Kyle Wharton             0  0  0   0  2   0  1  0  0  0  0/0    13:51   0:00   0:00 
Marc-André Bernier       0  1  1   0  0   1  2  1  1  1  0/0    10:47   0:00   1:42 
Marco Sturm              0  0  0   0  0   4  2  2  0  0  3/3    20:35   2:08   2:05 
Masi Marjamaki           0  1  1   0  0   2  1  0  0  0  0/0     8:57   0:00   0:00 
Nicolas Blanchard        0  0  0  -1  0   0  2  1  0  0  1/3    11:33   0:00   0:47 
Petr Vrana               0  1  1  -1  0   1  3  0  0  0  0/0    10:41   0:00   0:00 
Robert Bortuzzo          0  0  0   0  0   0  1  0  0  0  0/0    13:51   0:00   0:00 
Robert Klinkhammer       0  0  0   0  0   0  0  0  0  0  0/0     0:00   0:00   0:00 
Ryan Craig               0  0  0   0  2   3  0  1  0  0  9/11   15:31   1:50   0:00 
Taylor Chorney           0  0  0   1  0   1  2  1  1  0  0/0    19:51   1:40   2:55 
Troy Brouwer             0  0  0   0  0   2  1  1  1  0  1/1    15:28   1:50   0:00 

3 Stars

1 - Jonathan Sigalet (Det)
2 - Greg Mauldin (Det)
3 - Pavel Trnka (Det)

Power Play

Tamiflu - 1 on 4 Attempt(s) - 25,00%
Demolitions - 0 on 2 Attempt(s) - 0,00%

Penalty Kill

Tamiflu - 2 on 2 Attempt(s) - 100,00% - Score 0 goal in Penalty Kill
Demolitions - 3 on 4 Attempt(s) - 75,00% - Score 0 goal in Penalty Kill

Official

Referees : O'Rourke Dan and Marouelli Dan
Linesman : Don Henderson and Darren Gibbs

Game Notes

No Game Note

Tamiflu

5 vs 5 Forward 
   Center                   Left Wing                Right Wing               Time % Phy DF OF 
 1 Nate Thompson            Alex Picard              Mike Brown               40     0   1  4  
 2 Radek Bonk               Jani Rita                Petr Pohl                30     0   1  4  
 3 Greg Mauldin             Nick Spaling             David Clarkson           20     0   2  3  
 4 Colin Greening           Jan Mursak               Carson Mcmillan          10     0   3  2  

5 vs 5 Defense 
   Defense                  Defense                                           Time % Phy DF OF 
 1 Jonathan Sigalet         Pavel Trnka                                       40     0   2  3  
 2 Freddy Meyer             Jordan Hendry                                     30     0   2  3  
 3 Nathan Oystrick          Kyle Lawson                                       20     0   3  2  
 4 Jonathan Sigalet         Pavel Trnka                                       10     0   2  3  

PowerPlay Forward 
   Center                   Left Wing                Right Wing               Time % Phy DF OF 
 1 Nate Thompson            Alex Picard              Mike Brown               60     0   1  4  
 2 Greg Mauldin             Jani Rita                Petr Pohl                40     0   1  4  

PowerPlay Defense
   Defense                  Defense                                           Time % Phy DF OF 
 1 Jonathan Sigalet         Pavel Trnka                                       60     0   2  3  
 2 Freddy Meyer             Jordan Hendry                                     40     0   2  3  

Penalty Kill 4 Players Forward 
   Center                   Wing                     Time % Phy DF OF 
 1 Nate Thompson            Alex Picard              60     0   4  1  
 2 Greg Mauldin             David Clarkson           40     0   4  1  

Penalty Kill 4 Players Defense
   Defense                  Defense                  Time % Phy DF OF 
 1 Freddy Meyer             Pavel Trnka              60     0   4  1  
 2 Jonathan Sigalet         Jordan Hendry            40     0   4  1  

Penalty Kill - 3 Players Forward 
   Forward                                           Time % Phy DF OF 
 1 Nate Thompson                                     60     0   4  1  
 2 Greg Mauldin                                      40     0   4  1  

Penalty Kill - 3 Players Defense
   Defense                  Defense                  Time % Phy DF OF 
 1 Freddy Meyer             Pavel Trnka              60     0   4  1  
 2 Jonathan Sigalet         Jordan Hendry            40     0   4  1  

4 vs 4 Forward 
   Center                   Wing                     Time % Phy DF OF 
 1 Nate Thompson            Alex Picard              60     0   2  3  
 2 Greg Mauldin             Jani Rita                40     0   2  3  

4 vs 4 Defense
   Defense                  Defense                  Time % Phy DF OF 
 1 Jonathan Sigalet         Pavel Trnka              60     0   2  3  
 2 Freddy Meyer             Jordan Hendry            40     0   2  3  

Last Minutes Offensive
   Center                   Left Wing                Right Wing               Defense                  Defense                  
   Nate Thompson            Alex Picard              Mike Brown               Jonathan Sigalet         Pavel Trnka              

Last Minutes Defensive
   Center                   Left Wing                Right Wing               Defense                  Defense                  
   Nate Thompson            Alex Picard              David Clarkson           Freddy Meyer             Pavel Trnka              

Goaltenders
Starting : Corey Crawford           
Backup : Jussi Markkanen          

Extra Forwards
Normal : Greg Mauldin, Colin Greening, David Clarkson - PP : David Clarkson, Greg Mauldin - PK : Carson Mcmillan
Extra Defensemen
Normal : Nathan Oystrick, Kyle Lawson, Pavel Trnka - PP : Nathan Oystrick - PK : Nathan Oystrick, Kyle Lawson
Penalty Shots
Radek Bonk, Alex Picard, Jani Rita, Greg Mauldin, David Clarkson

Demolitions

5 vs 5 Forward 
   Center                   Left Wing                Right Wing               Time % Phy DF OF 
 1 Brad Richardson          Marco Sturm              Jeremy Williams          40     1   2  2  
 2 Ryan Craig               Troy Brouwer             Anthony Stewart          30     1   2  2  
 3 Nicolas Blanchard        Petr Vrana               Brandon Bochenski        20     1   2  2  
 4 James Sheppard           Masi Marjamaki           Marc-André Bernier       10     1   2  2  

5 vs 5 Defense 
   Defense                  Defense                                           Time % Phy DF OF 
 1 Andy Rogers              Anton Babchuk                                     40     1   2  2  
 2 Taylor Chorney           Anssi Salmela                                     30     1   2  2  
 3 Kyle Wharton             Robert Bortuzzo                                   20     1   2  2  
 4 Andy Rogers              Anton Babchuk                                     10     1   2  2  

PowerPlay Forward 
   Center                   Left Wing                Right Wing               Time % Phy DF OF 
 1 Brad Richardson          Marco Sturm              Jeremy Williams          60     1   2  2  
 2 Ryan Craig               Troy Brouwer             Anthony Stewart          40     1   2  2  

PowerPlay Defense
   Defense                  Defense                                           Time % Phy DF OF 
 1 Andy Rogers              Anton Babchuk                                     60     1   2  2  
 2 Taylor Chorney           Anssi Salmela                                     40     1   2  2  

Penalty Kill 4 Players Forward 
   Center                   Wing                     Time % Phy DF OF 
 1 Jeremy Williams          Brad Richardson          60     1   2  2  
 2 Marco Sturm              Anthony Stewart          40     1   2  2  

Penalty Kill 4 Players Defense
   Defense                  Defense                  Time % Phy DF OF 
 1 Andy Rogers              Anton Babchuk            60     1   2  2  
 2 Taylor Chorney           Anssi Salmela            40     1   2  2  

Penalty Kill - 3 Players Forward 
   Forward                                           Time % Phy DF OF 
 1 Jeremy Williams                                   60     1   2  2  
 2 Brad Richardson                                   40     1   2  2  

Penalty Kill - 3 Players Defense
   Defense                  Defense                  Time % Phy DF OF 
 1 Andy Rogers              Anton Babchuk            60     1   2  2  
 2 Taylor Chorney           Anssi Salmela            40     1   2  2  

4 vs 4 Forward 
   Center                   Wing                     Time % Phy DF OF 
 1 Jeremy Williams          Brad Richardson          60     1   2  2  
 2 Marco Sturm              Anthony Stewart          40     1   2  2  

4 vs 4 Defense
   Defense                  Defense                  Time % Phy DF OF 
 1 Andy Rogers              Anton Babchuk            60     1   2  2  
 2 Taylor Chorney           Anssi Salmela            40     1   2  2  

Last Minutes Offensive
   Center                   Left Wing                Right Wing               Defense                  Defense                  
   Brad Richardson          Marco Sturm              Jeremy Williams          Andy Rogers              Anton Babchuk            

Last Minutes Defensive
   Center                   Left Wing                Right Wing               Defense                  Defense                  
   Brad Richardson          Marco Sturm              Jeremy Williams          Andy Rogers              Anton Babchuk            

Goaltenders
Starting : Antero Niittymaki        
Backup : Sergei Bobrovsky         

Extra Forwards
Normal : Brandon Bochenski, Petr Vrana, Marc-André Bernier - PP : Brandon Bochenski, Petr Vrana - PK : Marc-André Bernier
Extra Defensemen
Normal : Kyle Wharton, Robert Bortuzzo, Taylor Chorney - PP : Kyle Wharton - PK : Robert Bortuzzo, Taylor Chorney
Penalty Shots
Jeremy Williams, Brad Richardson, Marco Sturm, Anthony Stewart, Ryan Craig

% Time on Ice - Tamiflu

Lines # - Real PCT - Wanted PCT - Time Play
Normal Forward
1 - 31% - 40% - 15:16
2 - 30% - 30% - 15:07
3 - 22% - 20% - 11:06
4 - 17% - 10% - 8:16
Normal Defense
1 - 36% - 40% - 17:44
2 - 36% - 30% - 17:57
3 - 26% - 20% - 12:53
4 - 2% - 10% - 1:11
PP Forward
1 - 50% - 60% - 3:09
2 - 50% - 40% - 3:08
PP Defense
1 - 71% - 60% - 4:29
2 - 29% - 40% - 1:48
PK Forward
1 - 73% - 60% - 2:54
2 - 27% - 40% - 1:04
PK Defense
1 - 56% - 60% - 2:13
2 - 44% - 40% - 1:45
PK3 Forward
1 - 0% - 60%
2 - 0% - 40%
PK3 Defense
1 - 0% - 60%
2 - 0% - 40%
44 Forward
1 - 0% - 60%
2 - 0% - 40%
44 Defense
1 - 0% - 60%
2 - 0% - 40%
Last Minute Offensive  - 0:00
Last Minute Defensive  - 0:00
Total
Forward - 60:00
Defense - 60:00

% Time on Ice - Demolitions

Lines # - Real PCT - Wanted PCT - Time Play
Normal Forward
1 - 33% - 40% - 16:23
2 - 28% - 30% - 14:00
3 - 21% - 20% - 10:25
4 - 18% - 10% - 8:57
Normal Defense
1 - 38% - 40% - 18:42
2 - 31% - 30% - 15:16
3 - 28% - 20% - 13:51
4 - 4% - 10% - 1:56
PP Forward
1 - 54% - 60% - 2:08
2 - 46% - 40% - 1:50
PP Defense
1 - 58% - 60% - 2:18
2 - 42% - 40% - 1:40
PK Forward
1 - 77% - 60% - 4:51
2 - 23% - 40% - 1:26
PK Defense
1 - 54% - 60% - 3:22
2 - 46% - 40% - 2:55
PK3 Forward
1 - 0% - 60%
2 - 0% - 40%
PK3 Defense
1 - 0% - 60%
2 - 0% - 40%
44 Forward
1 - 0% - 60%
2 - 0% - 40%
44 Defense
1 - 0% - 60%
2 - 0% - 40%
Last Minute Offensive  - 0:00
Last Minute Defensive  - 0:00
Total
Forward - 60:00
Defense - 60:00

Play by Play

1st period


0:01 of 1st period - Nate Thompson wins face-off versus Brad Richardson in neutral zone.
0:06 of 1st period - Wrist shot by Mike Brown.
0:06 of 1st period - Shot Misses the Net.
0:26 of 1st period - Anton Babchuk is hit by Pavel Trnka and loses puck.
0:33 of 1st period - Snap shot by Radek Bonk.
0:33 of 1st period - Shot Misses the Net.
1:36 of 1st period - Wrist shot by Marco Sturm.
1:36 of 1st period - Stopped by Corey Crawford with a rebound.
1:38 of 1st period - Slapshot by Andy Rogers.
1:38 of 1st period - Stopped by Corey Crawford without a rebound.
1:39 of 1st period - Ryan Craig wins face-off versus Radek Bonk in Tamiflu zone.
2:04 of 1st period - Pavel Trnka is hit by Marco Sturm and loses puck.
2:23 of 1st period - Wrist shot by Petr Vrana.
2:23 of 1st period - Deflect By Brandon Bochenski.
2:23 of 1st period - Goal by Brandon Bochenski - Tamiflu : 0 - Demolitions : 1.
2:24 of 1st period - Brad Richardson wins face-off versus Radek Bonk in neutral zone.
2:27 of 1st period - Wrist shot by Marco Sturm.
2:27 of 1st period - Deflect By Jeremy Williams.
2:27 of 1st period - Shot Blocked by Pavel Trnka.
2:27 of 1st period - Puck is out of play.
2:28 of 1st period - Radek Bonk wins face-off versus Brad Richardson in Tamiflu zone.
2:28 of 1st period - Radek Bonk is hit by Jeremy Williams.
3:20 of 1st period - Slapshot by Jordan Hendry.
3:20 of 1st period - Stopped by Antero Niittymaki with a rebound.
3:24 of 1st period - Snap shot by Carson Mcmillan.
3:24 of 1st period - Stopped by Antero Niittymaki with a rebound.
3:44 of 1st period - Slapshot by Troy Brouwer.
3:44 of 1st period - Stopped by Corey Crawford with a rebound.
3:46 of 1st period - Snap shot by Robert Bortuzzo.
3:46 of 1st period - Shot Misses the Net.
3:48 of 1st period - Snap shot by Anthony Stewart.
3:48 of 1st period - Deflect By Ryan Craig.
3:48 of 1st period - Stopped by Corey Crawford with a rebound.
4:56 of 1st period - Slapshot by Jordan Hendry.
4:56 of 1st period - Shot Misses the Net.
5:20 of 1st period - Wrist shot by Anthony Stewart.
5:20 of 1st period - Shot Misses the Net.
5:49 of 1st period - Pavel Trnka is hit by Nicolas Blanchard and loses puck.
6:13 of 1st period - Off-side.
6:14 of 1st period - Ryan Craig wins face-off versus Radek Bonk in neutral zone.
6:22 of 1st period - Minor Penalty to Kyle Wharton for Tripping.
6:23 of 1st period - Nate Thompson wins face-off versus Jeremy Williams in Demolitions zone.
6:48 of 1st period - Taylor Chorney is hit by Jonathan Sigalet and loses puck.
7:20 of 1st period - Andy Rogers is hit by Jordan Hendry and loses puck.
7:40 of 1st period - Jeremy Williams is hit by Alex Picard and loses puck.
8:22 of 1st period - Penalty to Kyle Wharton is over, Kyle Wharton is back on ice.
8:29 of 1st period - Backhand shot by Petr Vrana.
8:29 of 1st period - Shot Blocked by Freddy Meyer.
8:41 of 1st period - Snap shot by Carson Mcmillan.
8:41 of 1st period - Shot Blocked by Nicolas Blanchard.
9:22 of 1st period - Slapshot by Andy Rogers.
9:22 of 1st period - Stopped by Corey Crawford with a rebound.
9:34 of 1st period - Anton Babchuk is hit by Radek Bonk and loses puck.
10:11 of 1st period - Anthony Stewart is hit by Greg Mauldin and loses puck.
10:16 of 1st period - Wrist shot by Greg Mauldin.
10:16 of 1st period - Shot Misses the Net.
10:18 of 1st period - Slapshot by Freddy Meyer.
10:18 of 1st period - Stopped by Antero Niittymaki with a rebound.
10:20 of 1st period - Snap shot by Greg Mauldin.
10:20 of 1st period - Shot Blocked by Taylor Chorney.
10:26 of 1st period - Wrist shot by Jordan Hendry.
10:26 of 1st period - Shot Blocked by Anthony Stewart.
10:27 of 1st period - Minor Penalty to Anthony Stewart for Holding.
10:28 of 1st period - Nate Thompson wins face-off versus Jeremy Williams in Demolitions zone.
10:33 of 1st period - Slapshot by Nate Thompson.
10:33 of 1st period - Stopped by Antero Niittymaki without a rebound.
10:34 of 1st period - Jeremy Williams wins face-off versus Nate Thompson in Demolitions zone.
12:27 of 1st period - Penalty to Anthony Stewart is over, Anthony Stewart is back on ice.
12:59 of 1st period - Carson Mcmillan is hit by James Sheppard and loses puck.
13:35 of 1st period - Slapshot by Carson Mcmillan.
13:35 of 1st period - Stopped by Antero Niittymaki with a rebound.
13:37 of 1st period - Slapshot by Kyle Lawson.
13:37 of 1st period - Deflect By Colin Greening.
13:37 of 1st period - Shot Blocked by Marco Sturm.
13:37 of 1st period - Puck is out of play.
13:38 of 1st period - Brad Richardson wins face-off versus Nate Thompson in Demolitions zone.
13:57 of 1st period - Kyle Wharton is hit by Jonathan Sigalet and loses puck.
14:22 of 1st period - Snap shot by Radek Bonk.
14:22 of 1st period - Stopped by Antero Niittymaki without a rebound.
14:23 of 1st period - Brad Richardson wins face-off versus Radek Bonk in Demolitions zone.
14:53 of 1st period - Off-side.
14:54 of 1st period - Ryan Craig wins face-off versus Nate Thompson in neutral zone.
15:26 of 1st period - Slapshot by Marc-André Bernier.
15:26 of 1st period - Shot Misses the Net.
15:50 of 1st period - Wrist shot by Radek Bonk.
15:50 of 1st period - Shot Misses the Net.
15:52 of 1st period - Wrist shot by Jani Rita.
15:52 of 1st period - Stopped by Antero Niittymaki without a rebound.
15:53 of 1st period - Anthony Stewart wins face-off versus Nate Thompson in Demolitions zone.
16:18 of 1st period - Andy Rogers is hit by David Clarkson and loses puck.
16:31 of 1st period - Snap shot by Anton Babchuk.
16:31 of 1st period - Stopped by Corey Crawford with a rebound.
17:01 of 1st period - Snap shot by Troy Brouwer.
17:01 of 1st period - Shot Blocked by Freddy Meyer.
17:05 of 1st period - Wrist shot by Anthony Stewart.
17:05 of 1st period - Shot Blocked by Alex Picard.
17:07 of 1st period - Snap shot by Troy Brouwer.
17:07 of 1st period - Stopped by Corey Crawford without a rebound.
17:08 of 1st period - Nate Thompson wins face-off versus Brad Richardson in Tamiflu zone.
17:12 of 1st period - Pavel Trnka is hit by Taylor Chorney and loses puck.
18:28 of 1st period - Icing by Kyle Wharton.
18:29 of 1st period - Brad Richardson wins face-off versus Nate Thompson in Demolitions zone.
19:02 of 1st period - Snap shot by Greg Mauldin.
19:02 of 1st period - Shot Blocked by Brad Richardson.
19:12 of 1st period - Slapshot by Marco Sturm.
19:12 of 1st period - Stopped by Corey Crawford with a rebound.
19:14 of 1st period - Backhand shot by Jeremy Williams.
19:14 of 1st period - Stopped by Corey Crawford without a rebound.
19:15 of 1st period - Troy Brouwer wins face-off versus Radek Bonk in Tamiflu zone.
19:46 of 1st period - Wrist shot by Nate Thompson.
19:46 of 1st period - Shot Misses the Net.

2nd period


0:01 of 2nd period - Brad Richardson wins face-off versus Nate Thompson in neutral zone.
0:14 of 2nd period - Slapshot by Alex Picard.
0:14 of 2nd period - Shot Blocked by Marco Sturm.
0:16 of 2nd period - Slapshot by Mike Brown.
0:16 of 2nd period - Shot Misses the Net.
0:41 of 2nd period - Greg Mauldin is hit by Brad Richardson.
1:47 of 2nd period - Slapshot by Jeremy Williams.
1:47 of 2nd period - Shot Misses the Net.
1:49 of 2nd period - Wrist shot by Marco Sturm.
1:49 of 2nd period - Stopped by Corey Crawford without a rebound.
1:50 of 2nd period - Ryan Craig wins face-off versus Petr Pohl in Tamiflu zone.
1:53 of 2nd period - Snap shot by Anthony Stewart.
1:53 of 2nd period - Stopped by Corey Crawford with a rebound.
2:25 of 2nd period - Wrist shot by David Clarkson.
2:25 of 2nd period - Stopped by Antero Niittymaki with a rebound.
2:36 of 2nd period - Icing by Anton Babchuk.
2:37 of 2nd period - James Sheppard wins face-off versus Colin Greening in Demolitions zone.
3:12 of 2nd period - Snap shot by Nate Thompson.
3:12 of 2nd period - Shot Blocked by Anton Babchuk.
4:18 of 2nd period - Slapshot by Nate Thompson.
4:18 of 2nd period - Shot Misses the Net.
4:20 of 2nd period - Snap shot by Jonathan Sigalet.
4:20 of 2nd period - Goal by Jonathan Sigalet - Tamiflu : 1 - Demolitions : 1.
4:21 of 2nd period - Brad Richardson wins face-off versus Nate Thompson in neutral zone.
4:31 of 2nd period - Slapshot by Jeremy Williams.
4:31 of 2nd period - Deflect By Brad Richardson.
4:31 of 2nd period - Stopped by Corey Crawford with a rebound.
4:34 of 2nd period - Icing by Alex Picard.
4:35 of 2nd period - Brad Richardson wins face-off versus Nate Thompson in Tamiflu zone.
4:56 of 2nd period - Snap shot by Mike Brown.
4:56 of 2nd period - Stopped by Antero Niittymaki without a rebound.
4:57 of 2nd period - Ryan Craig wins face-off versus Radek Bonk in Demolitions zone.
5:08 of 2nd period - Robert Bortuzzo is hit by Jani Rita and loses puck.
5:34 of 2nd period - Wrist shot by Jeremy Williams.
5:34 of 2nd period - Stopped by Corey Crawford with a rebound.
5:48 of 2nd period - Taylor Chorney is hit by David Clarkson and loses puck.
6:09 of 2nd period - Jordan Hendry is hit by Masi Marjamaki and loses puck.
6:28 of 2nd period - Snap shot by Radek Bonk.
6:28 of 2nd period - Stopped by Antero Niittymaki without a rebound.
6:29 of 2nd period - Brad Richardson wins face-off versus Nate Thompson in Demolitions zone.
6:35 of 2nd period - Alex Picard is hit by Kyle Wharton and loses puck.
6:56 of 2nd period - Petr Pohl is hit by Robert Bortuzzo.
7:21 of 2nd period - Slapshot by Jonathan Sigalet.
7:21 of 2nd period - Stopped by Antero Niittymaki with a rebound.
7:23 of 2nd period - Slapshot by Jonathan Sigalet.
7:23 of 2nd period - Shot Hit the Post.
7:25 of 2nd period - Wrist shot by David Clarkson.
7:25 of 2nd period - Shot Blocked by Anton Babchuk.
7:27 of 2nd period - Wrist shot by Greg Mauldin.
7:27 of 2nd period - Goal by Greg Mauldin - Tamiflu : 2 - Demolitions : 1.
7:28 of 2nd period - Brad Richardson wins face-off versus Nate Thompson in neutral zone.
7:33 of 2nd period - Slapshot by Anton Babchuk.
7:33 of 2nd period - Shot Misses the Net.
7:53 of 2nd period - Ryan Craig is hit by Jani Rita.
7:57 of 2nd period - Wrist shot by Petr Pohl.
7:57 of 2nd period - Stopped by Antero Niittymaki without a rebound.
7:58 of 2nd period - Ryan Craig wins face-off versus Radek Bonk in Demolitions zone.
7:58 of 2nd period - Ryan Craig is hit by Jani Rita.
8:04 of 2nd period - Wrist shot by Anthony Stewart.
8:04 of 2nd period - Shot Blocked by Radek Bonk.
8:06 of 2nd period - Snap shot by Anthony Stewart.
8:06 of 2nd period - Shot Blocked by Jordan Hendry.
8:08 of 2nd period - Slapshot by Taylor Chorney.
8:08 of 2nd period - Shot Blocked by Freddy Meyer.
8:10 of 2nd period - Slapshot by Anssi Salmela.
8:10 of 2nd period - Stopped by Corey Crawford without a rebound.
8:11 of 2nd period - Nate Thompson wins face-off versus Brad Richardson in Tamiflu zone.
8:28 of 2nd period - Nate Thompson is hit by Jeremy Williams and loses puck.
8:39 of 2nd period - Jonathan Sigalet is hit by Petr Vrana and loses puck.
8:44 of 2nd period - Wrist shot by Petr Vrana.
8:44 of 2nd period - Shot Blocked by Pavel Trnka.
8:46 of 2nd period - Slapshot by Anton Babchuk.
8:46 of 2nd period - Shot Misses the Net.
8:48 of 2nd period - Slapshot by Anton Babchuk.
8:48 of 2nd period - Stopped by Corey Crawford with a rebound.
8:52 of 2nd period - Wrist shot by Brandon Bochenski.
8:52 of 2nd period - Shot Misses the Net.
9:04 of 2nd period - Wrist shot by Masi Marjamaki.
9:04 of 2nd period - Stopped by Corey Crawford with a rebound.
9:06 of 2nd period - Wrist shot by James Sheppard.
9:06 of 2nd period - Stopped by Corey Crawford without a rebound.
9:07 of 2nd period - James Sheppard wins face-off versus Petr Pohl in Tamiflu zone.
9:10 of 2nd period - Wrist shot by Masi Marjamaki.
9:10 of 2nd period - Deflect By James Sheppard.
9:10 of 2nd period - Goal by James Sheppard - Tamiflu : 2 - Demolitions : 2.
9:11 of 2nd period - Radek Bonk wins face-off versus Brad Richardson in neutral zone.
9:21 of 2nd period - Minor Penalty to Brad Richardson for Tripping.
9:22 of 2nd period - Jeremy Williams wins face-off versus Nate Thompson in Demolitions zone.
10:02 of 2nd period - Jeremy Williams is hit by Petr Pohl and loses puck.
11:21 of 2nd period - Penalty to Brad Richardson is over, Brad Richardson is back on ice.
13:25 of 2nd period - Pavel Trnka is hit by Anssi Salmela.
13:51 of 2nd period - Slapshot by Anssi Salmela.
13:51 of 2nd period - Stopped by Corey Crawford with a rebound.
14:03 of 2nd period - Snap shot by Petr Pohl.
14:03 of 2nd period - Stopped by Antero Niittymaki with a rebound.
14:23 of 2nd period - Jordan Hendry is hit by Anton Babchuk and loses puck.
14:40 of 2nd period - Snap shot by Ryan Craig.
14:40 of 2nd period - Stopped by Corey Crawford without a rebound.
14:41 of 2nd period - Ryan Craig wins face-off versus Colin Greening in Tamiflu zone.
14:46 of 2nd period - Wrist shot by Anthony Stewart.
14:46 of 2nd period - Stopped by Corey Crawford without a rebound.
14:47 of 2nd period - Brad Richardson wins face-off versus Nate Thompson in Tamiflu zone.
14:48 of 2nd period - Snap shot by Marco Sturm.
14:48 of 2nd period - Stopped by Corey Crawford without a rebound.
14:49 of 2nd period - Brad Richardson wins face-off versus Nate Thompson in Tamiflu zone.
14:50 of 2nd period - Snap shot by Jeremy Williams.
14:50 of 2nd period - Deflect By Nate Thompson.
14:50 of 2nd period - Stopped by Corey Crawford with a rebound.
15:38 of 2nd period - Greg Mauldin is hit by Anton Babchuk and loses puck.
16:32 of 2nd period - Slapshot by Anssi Salmela.
16:32 of 2nd period - Shot Blocked by Nathan Oystrick.
16:48 of 2nd period - Snap shot by Petr Pohl.
16:48 of 2nd period - Shot Misses the Net.
16:50 of 2nd period - Wrist shot by David Clarkson.
16:50 of 2nd period - Shot Misses the Net.
16:52 of 2nd period - Snap shot by Nathan Oystrick.
16:52 of 2nd period - Shot Misses the Net.
16:54 of 2nd period - Slapshot by Kyle Lawson.
16:54 of 2nd period - Shot Blocked by Troy Brouwer.
17:09 of 2nd period - Wrist shot by Alex Picard.
17:09 of 2nd period - Shot Blocked by Ryan Craig.
18:02 of 2nd period - Slapshot by Masi Marjamaki.
18:02 of 2nd period - Stopped by Corey Crawford with a rebound.
18:17 of 2nd period - Backhand shot by Jani Rita.
18:17 of 2nd period - Shot Misses the Net.
18:29 of 2nd period - Petr Pohl is hit by Petr Vrana and loses puck.
18:44 of 2nd period - Freddy Meyer is hit by Brad Richardson and loses puck.
18:57 of 2nd period - Snap shot by Nate Thompson.
18:57 of 2nd period - Deflect By Nick Spaling.
18:57 of 2nd period - Shot Blocked by Marc-André Bernier.
18:57 of 2nd period - Puck is out of play.
18:58 of 2nd period - James Sheppard wins face-off versus Greg Mauldin in Demolitions zone.
19:19 of 2nd period - Snap shot by Masi Marjamaki.
19:19 of 2nd period - Shot Misses the Net.
19:21 of 2nd period - Slapshot by Taylor Chorney.
19:21 of 2nd period - Stopped by Corey Crawford with a rebound.
19:25 of 2nd period - Snap shot by Marc-André Bernier.
19:25 of 2nd period - Stopped by Corey Crawford without a rebound.
19:26 of 2nd period - Marco Sturm wins face-off versus Nate Thompson in Tamiflu zone.
19:39 of 2nd period - Snap shot by Jeremy Williams.
19:39 of 2nd period - Shot Misses the Net.
19:55 of 2nd period - Slapshot by Jordan Hendry.
19:55 of 2nd period - Deflect By Colin Greening.
19:55 of 2nd period - Shot Misses the Net.
19:55 of 2nd period - Puck is out of play.
19:56 of 2nd period - Radek Bonk wins face-off versus Ryan Craig in Demolitions zone.
19:57 of 2nd period - Snap shot by Jani Rita.
19:57 of 2nd period - Shot Misses the Net.

3rd period


0:01 of 3rd period - Marco Sturm wins face-off versus Nate Thompson in neutral zone.
0:30 of 3rd period - Pavel Trnka is hit by Troy Brouwer and loses puck.
0:47 of 3rd period - Petr Vrana is hit by Nick Spaling and loses puck.
0:56 of 3rd period - Snap shot by Greg Mauldin.
0:56 of 3rd period - Shot Misses the Net.
1:20 of 3rd period - Snap shot by Greg Mauldin.
1:20 of 3rd period - Stopped by Antero Niittymaki with a rebound.
1:22 of 3rd period - Snap shot by Greg Mauldin.
1:22 of 3rd period - Shot Blocked by Brad Richardson.
1:30 of 3rd period - Snap shot by Nick Spaling.
1:30 of 3rd period - Shot Misses the Net.
1:32 of 3rd period - Wrist shot by David Clarkson.
1:32 of 3rd period - Shot Misses the Net.
1:34 of 3rd period - Slapshot by Jonathan Sigalet.
1:34 of 3rd period - Deflect By Brad Richardson.
1:34 of 3rd period - Stopped by Antero Niittymaki without a rebound.
1:35 of 3rd period - Ryan Craig wins face-off versus Nate Thompson in Demolitions zone.
2:08 of 3rd period - Icing by Petr Vrana.
2:09 of 3rd period - Nicolas Blanchard wins face-off versus Nate Thompson in Demolitions zone.
2:18 of 3rd period - Slapshot by Petr Vrana.
2:18 of 3rd period - Stopped by Corey Crawford with a rebound.
2:20 of 3rd period - Wrist shot by Nicolas Blanchard.
2:20 of 3rd period - Shot Misses the Net.
2:22 of 3rd period - Slapshot by Brandon Bochenski.
2:22 of 3rd period - Shot Blocked by Kyle Lawson.
2:24 of 3rd period - Slapshot by Andy Rogers.
2:24 of 3rd period - Stopped by Corey Crawford with a rebound.
2:26 of 3rd period - Slapshot by Anton Babchuk.
2:26 of 3rd period - Shot Misses the Net.
2:28 of 3rd period - Wrist shot by Brandon Bochenski.
2:28 of 3rd period - Stopped by Corey Crawford without a rebound.
2:29 of 3rd period - Radek Bonk wins face-off versus Brad Richardson in Tamiflu zone.
2:29 of 3rd period - Radek Bonk is hit by Jeremy Williams.
2:55 of 3rd period - Radek Bonk is hit by Nicolas Blanchard and loses puck.
3:25 of 3rd period - Kyle Wharton is hit by Jordan Hendry and loses puck.
3:37 of 3rd period - Minor Penalty to David Clarkson for Diving.
3:38 of 3rd period - Marco Sturm wins face-off versus Nate Thompson in Tamiflu zone.
3:53 of 3rd period - Slapshot by Andy Rogers.
3:53 of 3rd period - Shot Blocked by Pavel Trnka.
5:37 of 3rd period - Penalty to David Clarkson is over, David Clarkson is back on ice.
5:50 of 3rd period - Andy Rogers is hit by Jani Rita and loses puck.
6:38 of 3rd period - Brandon Bochenski is hit by Petr Pohl and loses puck.
6:49 of 3rd period - Brandon Bochenski is hit by Nate Thompson and loses puck.
7:19 of 3rd period - Wrist shot by Anthony Stewart.
7:19 of 3rd period - Stopped by Corey Crawford without a rebound.
7:20 of 3rd period - Nate Thompson wins face-off versus Ryan Craig in Tamiflu zone.
7:29 of 3rd period - Backhand shot by Ryan Craig.
7:29 of 3rd period - Stopped by Corey Crawford with a rebound.
7:42 of 3rd period - Alex Picard is hit by Anthony Stewart and loses puck.
7:49 of 3rd period - Anthony Stewart is hit by Alex Picard and loses puck.
7:53 of 3rd period - Minor Penalty to Ryan Craig for Holding Stick.
7:54 of 3rd period - Greg Mauldin wins face-off versus Jeremy Williams in Demolitions zone.
7:59 of 3rd period - Slapshot by Pavel Trnka.
7:59 of 3rd period - Stopped by Antero Niittymaki with a rebound.
8:01 of 3rd period - Wrist shot by Greg Mauldin.
8:01 of 3rd period - Deflect By Petr Pohl.
8:01 of 3rd period - Stopped by Antero Niittymaki with a rebound.
8:03 of 3rd period - Slapshot by Greg Mauldin.
8:03 of 3rd period - Stopped by Antero Niittymaki without a rebound.
8:04 of 3rd period - Greg Mauldin wins face-off versus Jeremy Williams in Demolitions zone.
8:13 of 3rd period - Slapshot by Petr Pohl.
8:13 of 3rd period - Goal by Petr Pohl - Tamiflu : 3 - Demolitions : 2.
8:14 of 3rd period - Brad Richardson wins face-off versus Nate Thompson in neutral zone.
8:17 of 3rd period - Pavel Trnka is hit by Marco Sturm and loses puck.
8:45 of 3rd period - Snap shot by Ryan Craig.
8:45 of 3rd period - Shot Misses the Net.
8:47 of 3rd period - Snap shot by Ryan Craig.
8:47 of 3rd period - Deflect By Anthony Stewart.
8:47 of 3rd period - Stopped by Corey Crawford without a rebound.
8:48 of 3rd period - Brad Richardson wins face-off versus Radek Bonk in Tamiflu zone.
8:57 of 3rd period - Snap shot by Brad Richardson.
8:57 of 3rd period - Deflect By Jani Rita.
8:57 of 3rd period - Shot Misses the Net.
8:57 of 3rd period - Puck is out of play.
8:58 of 3rd period - Radek Bonk wins face-off versus Brad Richardson in Tamiflu zone.
8:58 of 3rd period - Radek Bonk is hit by Andy Rogers.
9:04 of 3rd period - Snap shot by Jeremy Williams.
9:04 of 3rd period - Stopped by Corey Crawford with a rebound.
9:06 of 3rd period - Backhand shot by Jeremy Williams.
9:06 of 3rd period - Stopped by Corey Crawford with a rebound.
9:10 of 3rd period - Snap shot by Brad Richardson.
9:10 of 3rd period - Shot Misses the Net.
9:20 of 3rd period - Snap shot by Jeremy Williams.
9:20 of 3rd period - Shot Misses the Net.
9:22 of 3rd period - Slapshot by Taylor Chorney.
9:22 of 3rd period - Shot Blocked by Jordan Hendry.
9:37 of 3rd period - Wrist shot by Radek Bonk.
9:37 of 3rd period - Shot Misses the Net.
9:39 of 3rd period - Slapshot by Jordan Hendry.
9:39 of 3rd period - Shot Misses the Net.
9:45 of 3rd period - Wrist shot by Radek Bonk.
9:45 of 3rd period - Deflect By Petr Pohl.
9:45 of 3rd period - Stopped by Antero Niittymaki without a rebound.
9:46 of 3rd period - Ryan Craig wins face-off versus Nate Thompson in Demolitions zone.
10:01 of 3rd period - Slapshot by Anthony Stewart.
10:01 of 3rd period - Stopped by Corey Crawford without a rebound.
10:02 of 3rd period - Greg Mauldin wins face-off versus Nicolas Blanchard in Tamiflu zone.
10:11 of 3rd period - Wrist shot by Greg Mauldin.
10:11 of 3rd period - Goal by Greg Mauldin - Tamiflu : 4 - Demolitions : 2.
10:12 of 3rd period - Brad Richardson wins face-off versus Nate Thompson in neutral zone.
10:27 of 3rd period - Nate Thompson is hit by Brad Richardson.
11:27 of 3rd period - Slapshot by Jordan Hendry.
11:27 of 3rd period - Shot Misses the Net.
11:43 of 3rd period - Wrist shot by Mike Brown.
11:43 of 3rd period - Shot Misses the Net.
11:55 of 3rd period - Mike Brown is hit by Marc-André Bernier and loses puck.
12:14 of 3rd period - Slapshot by Kyle Lawson.
12:14 of 3rd period - Stopped by Antero Niittymaki with a rebound.
12:25 of 3rd period - Minor Penalty to Mike Brown for Hooking.
12:26 of 3rd period - Nate Thompson wins face-off versus Brad Richardson in Tamiflu zone.
14:25 of 3rd period - Penalty to Mike Brown is over, Mike Brown is back on ice.
14:59 of 3rd period - Wrist shot by Radek Bonk.
14:59 of 3rd period - Shot Misses the Net.
15:09 of 3rd period - Jonathan Sigalet is hit by Taylor Chorney and loses puck.
15:44 of 3rd period - Kyle Lawson is hit by Petr Vrana and loses puck.
16:08 of 3rd period - Ryan Craig is hit by Nathan Oystrick and loses puck.
16:19 of 3rd period - Jeremy Williams is hit by Jan Mursak and loses puck.
16:28 of 3rd period - Freddy Meyer is hit by Brad Richardson and loses puck.
16:44 of 3rd period - Freddy Meyer is hit by Marc-André Bernier.
17:40 of 3rd period - Jani Rita is hit by Andy Rogers and loses puck.
18:07 of 3rd period - Anthony Stewart is hit by Jonathan Sigalet and loses puck.
18:59 of 3rd period - Jeremy Williams is hit by Greg Mauldin and loses puck.
19:08 of 3rd period - Snap shot by David Clarkson.
19:08 of 3rd period - Stopped by Antero Niittymaki without a rebound.
19:09 of 3rd period - Greg Mauldin wins face-off versus Nicolas Blanchard in Demolitions zone.
19:22 of 3rd period - Nathan Oystrick is hit by Brandon Bochenski and loses puck.


Output by the SimonT Hockey Simulator (STHS) for François Prévost -- Original Page W3C XHTML 1.0 Valid
Hockey Simulator - Hockey Simulation - Hockey Manager